 Dungeon Crawl Stone Soup version 0.30-a0-778-g2ef04afb54 (webtiles) character file.

Game seed: 8191290634762736759

145 Ceno the Shooter (level 5, -4/37 HPs)
             Began as a Barachi Hexslinger on Feb 15, 2023.
             Killed by nerve-wracking pain
             ... invoked by Jessica
              (13 damage)
             ... on level 3 of the Dungeon.
             The game lasted 00:09:24 (1636 turns).

Ceno the Shooter (Barachi Hexslinger)               Turns: 1636, Time: 00:09:25

Health: -4/37      AC:  6    Str: 11    XL:     5   Next: 27%
Magic:  6/6        EV: 12    Int: 14    God:
Gold:   135        SH:  0    Dex: 14    Spells: 5/6 levels left

rFire   . . .      SeeInvis .    a - +1 sling
rCold   . . .      Faith    .    (no shield)
rNeg    . . .      Spirit   .    h - +0 leather armour
rPois   .          Reflect  .    i - +2 helmet
rElec   .          Harm     .    (no cloak)
rCorr   .          Rampage  .    (no gloves)
Will    .....                    (no boots)
Stlth   ++                       (no amulet)
HPRegen 0.26/turn                (no ring)
MPRegen 0.10/turn                (no ring)

@: slow
A: amphibious, slowness 1, strong legs 1, +LOS
a: Hop


You were on level 3 of the Dungeon.
You visited 1 branch of the dungeon, and saw 3 of its levels.

You collected 135 gold pieces.

Inventory:

Hand Weapons
 a - a +1 sling (weapon)
 e - a +0 falchion
Missiles
 l - 5 poisoned darts
Armour
 h - a +0 leather armour (worn)
 i - a +2 helmet (worn)
Scrolls
 b - a scroll of poison
 j - a scroll of immolation {unknown}
 m - a scroll of fog {unknown}
 p - a scroll of enchant weapon {unknown}
Potions
 c - 2 potions of might
 d - a potion of cancellation
 f - a potion of invisibility {unknown}
 g - 2 potions of degeneration
 k - 2 potions of flight {unknown}
 n - 2 potions of mutation {unknown}
 o - a potion of curing {unknown}


   Skills:
 - Level 1.2 Fighting
 * Level 4.4 Ranged Weapons
 - Level 2.1 Dodging
 + Level 2.5 Stealth
 - Level 1.1 Spellcasting
 - Level 3.2 Hexes


You had 5 spell levels left.
You knew the following spells:

 Your Spells              Type           Power      Damage    Failure   Level
a - Slow                  Hex            36%        N/A       9%          1

Your spell library contained the following spells:

 Spells                   Type           Power      Damage    Failure   Level
 Sandblast                Erth           0%         2d4       34%         1
 Passwall                 Tmut/Erth      0%         N/A       45%         2
 Inner Flame              Hex/Fire       5%         N/A       45%         3
 Portal Projectile        Hex/Tloc       10%        N/A       45%         3
 Cause Fear               Hex            4%         N/A       65%         4
 Stone Arrow              Conj/Erth      0%         3d7       71%         3


Dungeon Overview and Level Annotations

Branches:
Dungeon (3/15)

Altars:
Hepliaklqana

Annotations:
D:2 Natasha
D:3 Jessica


Innate Abilities, Weirdness & Mutations

You are amphibious.
You cover ground slowly.
You can hop short distances.
You have an extended range of vision and can be seen from far away.


Message History

Confirm with . or Enter, or press ? or * to list all spells.
Aiming: Slow (safe; 9% risk of failure)
Press: ? - help, Shift-Dir - straight line, f - Jessica
Aim: Jessica, wielding a +0 dagger, wearing a +0 robe and carrying a wand of charming (4) (chance to affect: 51%) Jessica seems to slow down.
You shoot a sling bullet. The sling bullet barely misses Jessica.
You shoot a sling bullet. The sling bullet barely misses Jessica.
You shoot a sling bullet. The sling bullet barely misses Jessica.
Jessica is no longer moving slowly.
You shoot a sling bullet.
The sling bullet hits Jessica but does no damage.
Jessica gestures wildly while chanting.
Jessica seems to speed up.
You shoot a sling bullet. The sling bullet hits Jessica.
Jessica is moderately wounded.
Jessica zaps a wand.
You resist with some effort.
You shoot a sling bullet. The sling bullet barely misses Jessica.
Jessica zaps a wand.
Your will is overpowered!
You are confused.
Jessica points at you and mumbles some strange words.
You barely resist.
You're too confused to cast spells.
Jessica mumbles some strange words.
Jessica blinks!
Jessica casts a spell.
Jessica blinks!
Jessica hits you but does no damage. Jessica casts a spell at you.
Pain shoots through your body! Jessica hits you with a +0 dagger.
Jessica points at you and mumbles some strange words.
Pain shoots through your body! Jessica hits you with a +0 dagger.
Jessica gestures at you while chanting. Pain shoots through your body!
Jessica attacks as you move away! Jessica hits you with a +0 dagger.
* * * LOW HITPOINT WARNING * * *
You feel less confused. Jessica gestures at you while chanting.
Pain shoots through your body!
You die...

#.# #.#
#.# #.#
#.# #.#
#.######
#..§§..#
##§§@§.#
##§§§##
#§§@#
#§§§#
#§§§#
#§§.#
#§§§#
#§§§#
§§§§...


You could see Jessica (fast).

Vanquished Creatures
  A hound (D:2)
  Terence (D:2)
  4 adders (D:2)
  A worm (D:2)
  2 dart slugs
  4 bats
  5 endoplasms
  4 giant cockroaches
  5 goblins
  4 hobgoblins
  2 jackals (D:1)
  3 quokkas
  A ball python (D:1)
  2 frilled lizards (D:1)
  2 kobolds (D:1)
  5 rats
46 creatures vanquished.

Vanquished Creatures (others)
  A plant (D:2)
1 creature vanquished.

Grand Total: 47 creatures vanquished

Notes
Turn   | Place    | Note
-------+----------+-------------------------------------------
     0 | D:1      | Ceno the Barachi Hexslinger began the quest for the Orb.
     0 | D:1      | Reached XP level 1. HP: 15/15 MP: 2/2
   200 | D:1      | Reached XP level 2. HP: 21/21 MP: 1/3
   328 | D:1      | Reached skill level 1 in Stealth
   509 | D:1      | Reached skill level 3 in Ranged Weapons
   516 | D:1      | Reached XP level 3. HP: 26/26 MP: 4/4
   966 | D:2      | Reached XP level 4. HP: 26/32 MP: 1/5
  1316 | D:2      | Reached skill level 4 in Ranged Weapons
  1335 | D:2      | Reached XP level 5. HP: 22/37 MP: 6/6
  1408 | D:2      | Noticed Natasha
  1467 | D:2      | Noticed Terence
  1569 | D:2      | Killed Terence
  1614 | D:3      | Found a hazy altar of Hepliaklqana.
  1614 | D:3      | Found a faded altar of an unknown god.
  1615 | D:3      | Noticed Jessica
  1636 | D:3      | Killed from afar by Jessica

Illustrated notes

Levels and vault maps discovered:
D:1:      evilmike_arrival_crescent, layout_loops_ring
D:2:      cheibrodos_old_hovel, layout_rooms, eino_curves_02, uniq_natasha,
          uniq_terence
D:3:      layout_loops_ring, beargit_hepliaklqana_dungeon_heroes, serial_rivers,
          chequers_serial_rivers_micro_d, chequers_serial_rivers_room_b,
          chequers_serial_rivers_micro_c, chequers_serial_rivers_large_b,
          chequers_serial_rivers_micro_c, uniq_grinder

Skill      XL: |  1  2  3  4 |
---------------+-------------+-----
Stealth        | 1 2 |  2.5
Ranged Weapons | 3 4 |  4.4
Fighting       | |  1.2
Dodging        | |  2.1
Spellcasting   | |  1.1
Hexes          | |  3.2

Action                     |  1- 3 |  4- 6 || total
---------------------------+-------+-------++-------
   Fire: Sling             |   107 |   104 ||   211
   Cast: Slow              |    21 |    15 ||    36
Ability: Hop               |     3 |     4 ||     7
    Use: Scroll            |     2 |     2 ||     4
 Armour: Robe              |     1 |       ||     1
         Leather armour    |    25 |    22 ||    47
  Dodge: Dodged            |    37 |    26 ||    63

Table legend: (Time is in decaauts)
 A = Elapsed time spent in this place.
 B = Non-inter-level travel time spent in this place.
 C = Inter-level travel time spent in this place.
 D = Time resting spent in this place.
 E = Time spent auto-exploring this place.
 F = Levels seen in this place.
 G = Mean time per level.
                   A        B        C        D        E       F      G
               +--------+--------+--------+--------+--------+-----+--------+
         Total |   1913 |   1790 |    123 |    182 |    636 |   3 |  637.7 |
       Dungeon |   1913 |   1790 |    123 |    182 |    636 |   3 |  637.7 |
               +--------+--------+--------+--------+--------+-----+--------+

Top non-repeatable levels by time:
     D:1: 1160 daAuts
     D:2: 708 daAuts
     D:3: 45 daAuts
